 Dungeon Crawl Stone Soup version 0.31-a0-1603-gbec6b6ccbf (webtiles) character file.

Game seed: 17463600723745185168

29 experimilk the Shooter (level 3, 30/30 HPs)
             Began as a Minotaur Hunter on Jan 7, 2024.
             Quit the game on level 2 of the Dungeon.
             The game lasted 00:02:08 (622 turns).

experimilk the Shooter (Minotaur Hunter)             Turns: 622, Time: 00:02:09

Health: 30/30      AC:  3    Str: 15    XL:     3   Next: 1%
Magic:  2/2        EV: 12    Int:  6    God:
Gold:   118        SH:  0    Dex: 15    Spells: 2/2 levels left

rFire   . . .        m - +0 shortbow
rCold   . . .        (shield currently unavailable)
rNeg    . . .        c - +0 leather armour
rPois   .            (helmet restricted)
rElec   .            (no cloak)
rCorr   .            (no gloves)
SInv    .            (no boots)
Will    .....        (no amulet)
Stlth   +            (no ring)
HPRegen 0.25/turn    (no ring)
MPRegen 0.08/turn

%: no passive effects
@: no status effects
A: horns 2, retaliatory headbutt
a: no special abilities


You were on level 2 of the Dungeon.
You visited 1 branch of the dungeon, and saw 2 of its levels.

You collected 118 gold pieces.

Inventory:

Hand Weapons
 m - a +0 shortbow (weapon)
Armour
 c - a +0 leather armour (worn)
Scrolls
 a - a scroll of poison
 b - a scroll of butterflies
 d - 2 scrolls of enchant weapon {unknown}
 e - 2 scrolls of enchant armour
 g - a scroll of fog {unknown}
Potions
 f - a potion of brilliance
 h - a potion of attraction {unknown}


   Skills:
 - Level 2.4 Fighting
 + Level 5.5 Ranged Weapons
 - Level 2.1 Dodging
 - Level 0.7 Stealth


You had 2 spell levels left.
You didn't know any spells.
Your spell library was empty.

Dungeon Overview and Level Annotations

Branches:
Dungeon (2/15)

Altars:


Innate Abilities, Weirdness & Mutations

You have a pair of horns on your head.
You reflexively headbutt those who attack you in melee.


Message History

The bat is heavily wounded.
You shoot an arrow. The arrow hits the bat!
You kill the bat!
h - a puce potion A dart slug comes into view.
You see here 2 gold pieces.
You shoot an arrow.
The arrow hits the dart slug but does no damage.
You shoot an arrow. The arrow hits the dart slug.
The dart slug is heavily wounded.
You shoot an arrow. The arrow hits the dart slug!
You kill the dart slug!
You now have 96 gold pieces (gained 2).
You now have 104 gold pieces (gained 8).
You now have 118 gold pieces (gained 14).
Found a dagger.
No target in view!
A frilled lizard comes into view.
You shoot an arrow. The arrow hits the frilled lizard.
The frilled lizard hisses angrily.
The frilled lizard is heavily wounded.
You shoot an arrow. The arrow hits the frilled lizard!
You kill the frilled lizard!
d - 2 scrolls labelled ZUIWYU GEOTZES (gained 1)
A ball python comes into view.
You shoot an arrow. The arrow hits the ball python.
You kill the ball python!
A giant cockroach comes into view.
You shoot an arrow. The arrow hits the giant cockroach.
The giant cockroach is almost dead.
You shoot an arrow.
The arrow hits the giant cockroach but does no damage.
The giant cockroach is almost dead.
You shoot an arrow. The arrow hits the giant cockroach.
You kill the giant cockroach!
You have reached level 3!
Your experience leads to an increase in your attributes!
Increase (S)trength, (I)ntelligence, or (D)exterity?
You feel agile. x2
Are you sure you want to abandon this character and quit the game? (Confirm with "yes".)

#.######. #.# #.#
#.# ...# #.# . ..
... ...##
#.####.# ......
.... ........
#.##.# ...#
.†...... #.##.#
..†# ........
#.##.# ...#
..####.#
#.##.##...#
#.####.#
#.....@...#
.......#
#............#
#.###..#
#.##..######.#
.......####.....#
#..##...........#
#.....########..#
#.........).....#
#..##.#########.#
#..##.# #


There were no monsters in sight!

Vanquished Creatures
  A dart slug (D:2)
  4 ball pythons
  3 giant cockroaches
  2 goblins (D:1)
  A hobgoblin (D:1)
  A kobold (D:1)
  2 quokkas
  7 bats
  2 frilled lizards
23 creatures vanquished.

Notes
Turn   | Place    | Note
-------+----------+-------------------------------------------
     0 | D:1      | experimilk the Minotaur Hunter began the quest for the Orb.
     0 | D:1      | Reached XP level 1. HP: 18/18 MP: 0/0
   322 | D:1      | Reached XP level 2. HP: 25/25 MP: 1/1
   324 | D:1      | Reached skill level 5 in Ranged Weapons
   622 | D:2      | Reached XP level 3. HP: 30/30 MP: 2/2
   622 | D:2      | Quit the game

Illustrated notes

Levels and vault maps discovered:
D:1:      roadster_arrival_rocket_large, layout_basic
D:2:      layout_basic

Skill      XL: |  1  2 |
---------------+-------+-----
Ranged Weapons | 5 |  5.5
Fighting       | |  2.4
Dodging        | |  2.1
Stealth        | |  0.7

Action                     || total
---------------------------++-------
   Fire: Shortbow          ||    57
    Use: Scroll            ||     3
 Armour: Leather armour    ||     7
  Dodge: Dodged            ||    15

Table legend: (Time is in decaauts)
 A = Elapsed time spent in this place.
 B = Non-inter-level travel time spent in this place.
 C = Inter-level travel time spent in this place.
 D = Time resting spent in this place.
 E = Time spent auto-exploring this place.
 F = Levels seen in this place.
 G = Mean time per level.
                   A        B        C        D        E       F      G
               +--------+--------+--------+--------+--------+-----+--------+
         Total |    632 |    617 |     15 |      0 |    508 |   2 |  316.0 |
       Dungeon |    632 |    617 |     15 |      0 |    508 |   2 |  316.0 |
               +--------+--------+--------+--------+--------+-----+--------+

Top non-repeatable levels by time:
     D:1: 521 daAuts
     D:2: 111 daAuts
